 Dungeon Crawl Stone Soup version 0.18.1-5-g4a78601 (webtiles) character file.

2587 TheHangedMan the Destroyer (level 9, -1/51 HPs)
             Began as a High Elf Wizard on May 11, 2016.
             Was an Elder of Sif Muna.
             Slain by a spriggan
             ... wielding a +0 dagger
              (3 damage)
             ... on level 8 of the Dungeon.
             The game lasted 00:30:17 (8416 turns).

TheHangedMan the Destroyer (High Elf Wizard)        Turns: 8416, Time: 00:30:18

Health: -1/51      AC:  6    Str:  7    XL:     9   Next: 32%
Magic:  1/23       EV: 13    Int: 26    God:    Sif Muna [****..]
Gold:   402        SH:  0    Dex: 17    Spells: 5 memorised, 16 levels left

rFire  . . .     SeeInvis .     G - +1 scythe (venom)
rCold  . . .     Gourm    .     a - +0 robe
rNeg   . . .     Faith    .     (shield currently unavailable)
rPois  .         Spirit   .     v - +1 helmet
rElec  .         Dismiss  .     (no cloak)
rCorr  .         Reflect  .     (no gloves)
SustAt .         Harm     .     (no boots)
MR     .....                    S - amulet of regeneration
Stlth  ++........               A - +2 ring of protection
                                Q - ring "Ocol Fyo" {+Inv Int+2 Dex+2}

@: repel missiles, not resistant to hostile enchantments, unstealthy
A: no striking features
a: Channel Energy, Forget Spell, Renounce Religion, Evoke Invisibility


You were on level 8 of the Dungeon.
You worshipped Sif Muna.
Sif Muna was greatly pleased with you.
You were not hungry.

You visited 1 branch of the dungeon, and saw 8 of its levels.

You collected 402 gold pieces.

Inventory:

Hand Weapons
 G - a +1 scythe of venom (weapon)
 O - a +2 vampiric falchion
Missiles
 I - 3 poisoned tomahawks (quivered)
Armour
 a - a +0 robe (worn)
 v - a +1 helmet (worn)
Jewellery
 k - an uncursed ring of protection from fire
 A - a +2 ring of protection (right hand)
 H - an uncursed ring of protection from cold
 Q - the ring "Ocol Fyo" (left hand) {+Inv Int+2 Dex+2}
   (You found it on level 7 of the Dungeon)

   [ring of dexterity]

   It affects your intelligence (+2).
   It affects your dexterity (+2).
   It lets you turn invisible.
 S - an amulet of regeneration (around neck)
 T - an uncursed ring of protection from fire
Wands
 b - a wand of acid (2/15)
 L - a wand of random effects (18/48)
Scrolls
 f - 3 scrolls of enchant armour
 g - a scroll of remove curse
 l - 6 scrolls of teleportation {unknown}
 m - a scroll of blinking {unknown}
 p - 2 scrolls of amnesia {unknown}
 q - 6 scrolls of magic mapping {unknown}
 s - a scroll of fear {unknown}
 u - 7 scrolls of identify {unknown}
 y - a scroll of fog {unknown}
 B - 3 scrolls of noise {unknown}
 C - a scroll of recharging {unknown}
 J - a scroll of random uselessness {unknown}
 K - a scroll of vulnerability {unknown}
 N - a scroll of enchant weapon {unknown}
Potions
 e - a potion of berserk rage {unknown}
 j - a potion of might {unknown}
 n - 3 potions of ambrosia {unknown}
 o - a potion of heal wounds {unknown}
 t - a potion of agility {unknown}
 w - 2 potions of lignification {unknown}
 x - a potion of haste {unknown}
 z - 4 potions of curing
 D - a potion of magic {unknown}
 E - a potion of cure mutation {unknown}
 F - a potion of flight {unknown}
 R - a potion of degeneration {unknown}
 U - 2 potions of brilliance {unknown}
Books
 c - a book of Minor Magic

   Spells                             Type                      Level
   a - Magic Dart                     Conjuration                  1
   b - Blink                          Translocation                2
   c - Call Imp                       Summoning                    2
   d - Repel Missiles                 Charms/Air                   2
   e - Slow                           Hexes                        2
   f - Conjure Flame                  Conjuration/Fire             3
   g - Mephitic Cloud                 Conjuration/Poison/Air       3
 M - a book of Annihilations

   Spells                             Type                      Level
   a - Poison Arrow                   Conjuration/Poison           6
   b - Chain Lightning                Conjuration/Air              8
   c - Lehudib's Crystal Spear        Conjuration/Earth            8
   d - Glaciate                       Conjuration/Ice              9
   e - Fire Storm                     Conjuration/Fire             9
Comestibles
 d - 4 bread rations
 h - 4 slices of pizza
 i - 4 fruits
 r - 3 meat rations
 P - a chunk of flesh


   Skills:
 - Level 2.1 Dodging
 - Level 2.1 Stealth
 + Level 9.9 Spellcasting
 - Level 10.4 Conjurations
   Level 0.8 Summonings
 - Level 1.1 Translocations


You had 16 spell levels left.
You knew the following spells:

 Your Spells              Type           Power        Failure   Level  Hunger
a - Magic Dart            Conj           ####         1%          1    None
b - Blink                 Tloc           N/A          4%          2    None
c - Conjure Flame         Conj/Fire      #####...     1%          3    None
d - Mephitic Cloud        Conj/Pois/Air  ####....     4%          3    None
e - Repel Missiles        Chrm/Air       ##....       10%         2    None


Dungeon Overview and Level Annotations

Branches:
Dungeon (8/15)             Temple (0/1) D:7
   Lair: D:8-11

Altars:
Cheibriados
Gozag
Kikubaaqudgha
Pakellas
Sif Muna
Vehumet
The Shining One


Message History

A giant frog and a spriggan come into view.
The spriggan shouts! x2
Casting: Blink
Confirm with . or Enter, or press ? or * to list all spells.
You blink.
The spriggan misses you. The giant frog hits you.
* * * LOW HITPOINT WARNING * * *
Casting: Blink
Confirm with . or Enter, or press ? or * to list all spells.
You blink.
The spriggan misses you. The giant frog hits you.
* * * LOW HITPOINT WARNING * * *
The spriggan barely misses you. The giant frog barely misses you.
The spriggan hits you with a short sword.
* * * LOW HITPOINT WARNING * * *
Casting: Blink
Confirm with . or Enter, or press ? or * to list all spells.
You blink.
The spriggan hits you with a dagger.
You die...

♣♣♣♣♣♣ ♣♣....♣
.♣♣♣♣♣♣♣..♣♣♣..♣
........@.♣ ♣..♣
♣♣♣♣♣.ii♣♣ ♣..
♣.FF♣♣♣♣ ♣
♣♣♣♣.....♣♣
♣..§i♣♣♣♣[♣♣
♣...♣♣♣♣ ♣♣.♣
♣.... ♣♣.♣ ...♣
♣♣..♣ ♣♣ ♣.♣♣♣


You could see 3 spriggans and 2 giant frogs.

Vanquished Creatures
  Joseph (D:7)
  Sigmund (D:4)
  The ghost of PeterLawrence the Poker, an amateur MiFi (D:4)
  2 hippogriffs (D:7)
  Menkaure (D:5)
  Edmund (D:6)
  An ogre (D:7)
  2 phantoms (D:4)
  2 centaurs
  A big kobold (D:7)
  6 scorpions (D:4)
  A crimson imp (D:7)
  3 hounds
  4 orc wizards
  2 orc priests
  An iguana (D:4)
  2 worker ants (D:4)
  A killer bee zombie (D:5)
  A hound skeleton (D:4)
  A howler monkey zombie (D:8)
  13 adders
  An ooze (D:4)
  3 worms
  7 giant geckos
  20 orcs
  12 bats
  5 giant cockroaches
  8 goblins
  9 hobgoblins
  6 jackals
  16 kobolds
  3 quokkas
  2 ball pythons
  9 giant newts
  5 rats
  A fungus (D:4)
155 creatures vanquished.

Vanquished Creatures (others)
  2 fungi (D:4)
2 creatures vanquished.

Grand Total: 157 creatures vanquished

Notes
Turn   | Place    | Note
--------------------------------------------------------------
     0 | D:1      | TheHangedMan the High Elf Wizard began the quest for the Orb.
     0 | D:1      | Reached XP level 1. HP: 11/11 MP: 6/6
   153 | D:1      | Reached skill level 2 in Conjurations
   185 | D:1      | Reached XP level 2. HP: 7/17 MP: 0/7
   665 | D:1      | Reached skill level 3 in Conjurations
   915 | D:1      | Reached XP level 3. HP: 21/21 MP: 9/9
   919 | D:1      | Learned a level 2 spell: Blink
   923 | D:1      | Learned a level 3 spell: Conjure Flame
   927 | D:1      | Learned a level 3 spell: Mephitic Cloud
  2287 | D:3      | Reached skill level 4 in Conjurations
  2343 | D:3      | Reached XP level 4. HP: 27/27 MP: 4/10
  2719 | D:3      | Reached skill level 5 in Conjurations
  2810 | D:3      | Found a deep blue altar of Sif Muna.
  2811 | D:3      | Found an opulent altar of Gozag.
  3009 | D:3      | Reached XP level 5. HP: 29/31 MP: 1/11
  3120 | D:3      | Found a snail-covered altar of Cheibriados.
  3124 | D:3      | Found a radiant altar of Vehumet.
  3126 | D:3      | Found an ancient bone altar of Kikubaaqudgha.
  3134 | D:3      | Became a worshipper of Sif Muna the Loreminder
  3646 | D:4      | Noticed a phantom
  3676 | D:4      | Killed a phantom
  3676 | D:4      | Reached skill level 6 in Conjurations
  3826 | D:4      | Noticed a phantom
  3853 | D:4      | Killed a phantom
  3853 | D:4      | Reached skill level 7 in Conjurations
  3853 | D:4      | Reached XP level 6. HP: 35/36 MP: 0/12
  3878 | D:4      | Learned a level 2 spell: Repel Missiles
  3968 | D:4      | Noticed PeterLawrence's ghost (amateur MiFi)
  4342 | D:4      | Noticed Sigmund
  4462 | D:4      | Killed Sigmund
  4462 | D:4      | Reached * piety under Sif Muna
  4462 | D:4      | Reached skill level 8 in Conjurations
  4462 | D:4      | Reached XP level 7. HP: 27/41 MP: 3/13
  4698 | D:4      | Found a glowing golden altar of the Shining One.
  4874 | D:4      | Reached skill level 9 in Conjurations
  5064 | D:4      | Reached ** piety under Sif Muna
  5238 | D:4      | Reached skill level 10 in Conjurations
  5493 | D:4      | Killed PeterLawrence's ghost
  5493 | D:4      | Reached XP level 8. HP: 46/46 MP: 2/14
  5649 | D:5      | Entered Level 5 of the Dungeon
  5890 | D:5      | Reached skill level 5 in Spellcasting
  6097 | D:5      | Noticed Menkaure
  6109 | D:5      | Killed Menkaure
  6776 | D:6      | Noticed Edmund
  6794 | D:6      | Killed Edmund
  6794 | D:6      | Reached *** piety under Sif Muna
  7630 | D:7      | Got a coiled copper ring
  7679 | D:7      | Noticed Joseph
  7697 | D:7      | Found a staircase to the Ecumenical Temple.
  7738 | D:7      | Killed Joseph
  7738 | D:7      | Reached XP level 9. HP: 42/51 MP: 10/22
  7793 | D:7      | Identified the ring "Ocol Fyo" {+Inv Int+2 Dex+2} (You found it on level 7 of the Dungeon)
  7968 | D:7      | Reached **** piety under Sif Muna
  8222 | D:7      | Found an oddly glowing altar of Pakellas.
  8402 | D:8      | HP: 2/51 [giant frog (3)]
  8415 | D:8      | HP: 1/51 [spriggan/short sword (6)]
  8416 | D:8      | Slain by a spriggan

Skill      XL: |  1  2  3  4  5  6  7  8  9 |
---------------+----------------------------+-----
Conjurations   | 2 3 4 5 7 8 10 | 10.4
Spellcasting   | 8 9 |  9.9
Dodging        | |  2.1
Stealth        | |  2.1
Summonings     | |  0.8
Translocations | |  1.1

Action                   |  1- 3 |  4- 6 |  7- 9 || total
-------------------------+-------+-------+-------++-------
Melee: Unarmed           |     2 |       |       ||     2
       Short sword       |     7 |    12 |       ||    19
       Scythe            |       |       |   170 ||   170
 Cast: Magic Dart        |   106 |   120 |   132 ||   358
       Blink             |       |     4 |    24 ||    28
       Mephitic Cloud    |       |     2 |     8 ||    10
       Conjure Flame     |       |     1 |    16 ||    17
       Repel Missiles    |       |     1 |     1 ||     2
  Use: Scroll            |       |     2 |       ||     2
       Potion            |       |       |     1 ||     1
 Stab: Distracted        |       |     1 |       ||     1
       Confused          |       |       |     4 ||     4
  Eat: Chunk             |     4 |     7 |    14 ||    25
Armor: Robe              |     2 |    12 |    72 ||    86
Dodge: Dodged            |    38 |    19 |   169 ||   226
       Deflected         |       |     1 |     3 ||     4
